 Dungeon Crawl Stone Soup version 0.17.1-3-g152610e (webtiles) character file.

1595 Gargoyl the Covered (level 8, -3/63 HPs)
             Began as a Demonspawn Abyssal Knight on Apr 12, 2016.
             Was an Elder of Lugonu.
             Slain by an orc warrior
             ... wielding a +0 scimitar
              (12 damage)
             ... on level 6 of the Dungeon.
             The game lasted 00:16:05 (7037 turns).

Gargoyl the Covered (Demonspawn Abyssal Knight)     Turns: 7037, Time: 00:16:05

Health: -3/63      AC: 14    Str: 13 (15) XL:     8   Next: 62%
Magic:  9/9        EV: 10    Int: 14 (15) God:    Lugonu [****..]
Gold:   268        SH:  0    Dex: 11      Spells: 0 memorised, 7 levels left

rFire  + . .     SeeInvis .     z - +0 war axe
rCold  + . .     Clarity  .     H - +2 chain mail
rNeg   . . .     SustAt   .     (no shield)
rPois  .         Gourm    .     (no helmet)
rElec  .         Spirit   .     n - +1 cloak
rCorr  .         Warding  .     (no gloves)
rMut   .         Stasis   .     (no boots)
MR     .....                    (no amulet)
Stlth  ..........               (no ring)
                                y - ring of protection from fire

@: not resistant to hostile enchantments, extremely unstealthy
A: hooves 2, repulsion field 2, blink, clever 1, clumsy 1, cold resistance 1,
demonic guardian 2, deterioration 1, regeneration 1
a: Blink, Depart the Abyss, Bend Space, Banish, Corrupt, Renounce Religion


You were on level 6 of the Dungeon.
You worshipped Lugonu.
Lugonu was greatly pleased with you.
You were very hungry.

You visited 1 branch of the dungeon, and saw 6 of its levels.
You visited the Abyss 1 time.
You also visited: Ossuary.

You collected 268 gold pieces.

Inventory:

Hand Weapons
 e - a +0 spear of venom
 z - a +0 war axe (weapon)
 E - a +0 dire flail
 I - a +1 flail
Missiles
 w - 23 poisoned needles
Armour
 n - a +1 cloak (worn)
 H - a +2 chain mail (worn)
Jewellery
 y - a ring of protection from fire (left hand)
Wands
 d - a wand of lightning (9)
 g - a wand of random effects (19)
 J - a wand of teleportation (1)
Scrolls
 a - a scroll of noise {unknown}
 j - 2 scrolls of teleportation
 l - 12 scrolls of identify
 r - a scroll of fear
 t - a scroll of remove curse
Potions
 b - a potion of cancellation
 h - a potion of resistance {unknown}
 i - a potion of haste {unknown}
 k - a potion of agility
 m - a potion of lignification {unknown}
 s - a potion of heal wounds {unknown}
 u - 4 potions of might
 v - a potion of curing {unknown}
 x - a potion of invisibility {unknown}
 A - a potion of mutation {unknown}
 B - a potion of berserk rage {unknown}
 D - a potion of cure mutation {unknown}
 F - a potion of flight {unknown}
Books
 o - a book of Death

   Spells                             Type                      Level
   a - Corpse Rot                     Necromancy                   2
   b - Sublimation of Blood           Necromancy                   2
   c - Agony                          Necromancy                   5
   d - Dispel Undead                  Necromancy                   5
   e - Excruciating Wounds            Charms/Necromancy            5
   f - Bolt of Draining               Conjuration/Necromancy       5
 q - a book of Beasts

   Spells                             Type                      Level
   a - Summon Butterflies             Summoning                    1
   b - Call Canine Familiar           Summoning                    3
   c - Summon Ice Beast               Ice/Summoning                4
   d - Summon Mana Viper              Hexes/Summoning              5
   e - Summon Hydra                   Summoning                    7
 G - a book of Changes

   Spells                             Type                      Level
   a - Beastly Appendage              Transmutation                1
   b - Sticks to Snakes               Transmutation                2
   c - Spider Form                    Transmutation/Poison         3
   d - Ice Form                       Ice/Transmutation            4
   e - Blade Hands                    Transmutation                5
Miscellaneous
 f - a legendary deck of summoning {drawn: 5}
Comestibles
 c - 2 bread rations
 p - 3 meat rations
 C - 2 beef jerkies


   Skills:
 + Level 5.6 Fighting
 + Level 4.6 Axes
 * Level 6.8 Armour
 + Level 3.8 Dodging
 + Level 1.2 Stealth
 + Level 2.6 Invocations
 + Level 0.2 Evocations


You had 7 spell levels left.
You didn't know any spells.

Dungeon Overview and Level Annotations

Branches:
Dungeon (6/15)
 Temple: D:4-7

Altars:
Okawaru
Vehumet
The Shining One

Shops:
D:6 *


Innate Abilities, Weirdness & Mutations

You have hoof-like feet.
You are surrounded by a moderate repulsion field (EV +3).
A demonic guardian rushes to your aid.
You can translocate small distances at will.
Your mind is acute. (Int +2)
You are clumsy. (Dex -2)
Your flesh is cold resistant.
Your body sometimes deteriorates upon taking damage.
Your natural rate of healing is unusually fast.


Message History

You hit the orc warrior.
The orc warrior is heavily wounded.
The orc warrior hits you with a scimitar.
You hit the orc warrior.
You kick the orc warrior, but do no damage.
The orc warrior is heavily wounded.
The orc warrior hits you with a scimitar!
You hit the orc warrior but do no damage.
You kick the orc warrior, but do no damage.
The orc warrior is heavily wounded.
The orc warrior misses you.
You hit the orc warrior.
The orc warrior is heavily wounded.
The orc warrior hits you with a scimitar!
* * * LOW HITPOINT WARNING * * *
You closely miss the orc warrior.
You kick the orc warrior, but do no damage.
The orc warrior is heavily wounded.
The orc warrior hits you with a scimitar!
You die...

.......# .....#.#
#......... .....#.#
#.........
.....#.###########.........
.....'..........##.........
.....##.#####.#.##.........
#######.## #.#.##.........
#..# #.#.##o........ ##.#
#.#.@oo........
#.####'#.##o........
#..##....#####+#####
##.##....# #.##....#
#..##'### ..####.##.#
.........#.# +#.....#.#.#


You could see an orc warrior and 3 orcs.

Vanquished Creatures
  Sigmund (D:4)
  A sky beast (D:6)
  An ice beast (D:5)
  A centaur (D:4)
  An ogre (D:5)
  A giant frog (D:6)
  2 scorpions (D:5)
  3 crimson imps
  A jelly (D:5)
  Crazy Yiuf (D:5)
  An orc priest (D:3)
  2 giant frog skeletons
  An orc wizard (D:4)
  An iguana (D:5)
  2 worker ants (D:4)
  8 big kobold zombies (Ossuary)
  A mummy (Ossuary)
  A worker ant zombie (D:5)
  5 adders
  4 gnolls
  An ooze (D:4)
  An adder skeleton (D:6)
  3 worms
  4 giant geckos
  10 orcs
  2 spectral bats (Ossuary)
  2 giant cockroaches (D:1)
  8 goblins
  3 hobgoblins
  A ball python (D:2)
  8 bats
  5 bat simulacra (Ossuary)
  3 giant newts
  4 gnoll zombies (Ossuary)
  A goblin simulacrum (Ossuary)
  2 goblin zombies (Ossuary)
  5 hobgoblin zombies (Ossuary)
  7 jackals
  10 kobolds
  4 kobold simulacra (Ossuary)
  4 kobold zombies (Ossuary)
  7 orc zombies (Ossuary)
  2 quokkas
  5 rats
  2 rat simulacra (Ossuary)
  A spectral goblin (Ossuary)
  4 spectral kobolds (Ossuary)
  3 spectral rats (Ossuary)
  3 fungi (D:5)
154 creatures vanquished.

Vanquished Creatures (collateral kills)
  The ghost of GFox the Cudgeler, an amateur OgBe of Trog (D:3)
  A water moccasin skeleton (D:4)
  2 orc priests
  An orc wizard (D:3)
  2 worker ants (D:4)
  A hound skeleton (D:4)
  2 gnolls (D:4)
  An adder (D:2)
  An adder skeleton (D:4)
  10 orcs
  A giant cockroach (D:1)
  2 goblins
  4 hobgoblins (D:1)
  3 jackals (D:4)
  2 bats
  3 giant newts
  3 kobolds
40 creatures vanquished.

Grand Total: 194 creatures vanquished

Notes
Turn   | Place    | Note
--------------------------------------------------------------
     0 | Abyss:1  | Gargoyl the Demonspawn Abyssal Knight began the quest for the Orb.
     0 | Abyss:1  | Reached XP level 1. HP: 18/18 MP: 2/2
    37 | D:1      | Escaped the Abyss
    65 | D:1      | Reached skill level 1 in Dodging
    91 | D:1      | Reached * piety under Lugonu
   111 | D:1      | Gained mutation: You are surrounded by a mild repulsion field (EV +2). [demonic ancestry]
   111 | D:1      | Reached XP level 2. HP: 12/24 MP: 3/3
   643 | D:1      | You fall through a shaft!
   730 | D:2      | Gained mutation: You have large cloven feet. [demonic ancestry]
   730 | D:2      | Reached XP level 3. HP: 19/30 MP: 4/4
  1037 | D:2      | Reached ** piety under Lugonu
  1897 | D:2      | Reached skill level 4 in Fighting
  1897 | D:2      | Gained mutation: You are surrounded by a moderate repulsion field (EV +3). [demonic ancestry]
  1897 | D:2      | Reached XP level 4. HP: 24/37 MP: 5/5
  2498 | D:3      | Noticed GFox's ghost (amateur OgBe)
  2525 | D:3      | Killed GFox's ghost
  2525 | D:3      | Gained mutation: A weak demonic guardian rushes to your aid. [demonic ancestry]
  2525 | D:3      | Reached XP level 5. HP: 20/42 MP: 6/6
  3256 | D:4      | Noticed Ehoh the pandemonium lord
  3261 | D:4      | Reached XP level 6. HP: 41/48 MP: 7/7
  3265 | D:4      | Reached *** piety under Lugonu
  3500 | D:4      | Noticed Sigmund
  3756 | D:4      | Gained mutation: A demonic guardian rushes to your aid. [demonic ancestry]
  3756 | D:4      | Reached XP level 7. HP: 44/55 MP: 8/8
  3783 | D:4      | Killed Sigmund
  3783 | D:4      | Reached skill level 5 in Armour
  4264 | D:5      | Entered Level 5 of the Dungeon
  4301 | D:5      | Found a sand-covered staircase.
  4314 | Ossuary  | Entered an ossuary
  4407 | Ossuary  | Reached **** piety under Lugonu
  4809 | Ossuary  | Reached skill level 5 in Fighting
  5096 | D:5      | Gained mutation: You have hoof-like feet. [demonic ancestry]
  5096 | D:5      | Reached XP level 8. HP: 52/62 MP: 9/9
  5115 | D:5      | Found an iron altar of Okawaru.
  6029 | D:5      | Reached skill level 6 in Armour
  6184 | D:5      | Reached skill level 1 in Stealth
  6421 | D:5      | Noticed Crazy Yiuf
  6431 | D:5      | Killed Crazy Yiuf
  6671 | D:6      | Gained mutation: You are clumsy. (Dex -2) [mutagenic meat]
  6672 | D:6      | Gained mutation: Your body sometimes deteriorates upon taking damage. [mutagenic meat]
  6673 | D:6      | Gained mutation: Your mind is acute. (Int +2) [mutagenic meat]
  6674 | D:6      | Gained mutation: You can translocate small distances at will. [mutagenic meat]
  6675 | D:6      | Gained mutation: Your flesh is cold resistant. [mutagenic meat]
  6676 | D:6      | Gained mutation: Your natural rate of healing is unusually fast. [mutagenic meat]
  6749 | D:6      | Found a glowing golden altar of the Shining One.
  6750 | D:6      | Found a radiant altar of Vehumet.
  6917 | D:6      | Found Anisoa's General Store.
  7037 | D:6      | Slain by an orc warrior

Action                   |  1- 3 |  4- 6 |  7- 9 || total
-------------------------+-------+-------+-------++-------
Melee: Hand axe          |   147 |    18 |       ||   165
       War axe           |       |    82 |   430 ||   512
Invok: Depart the Abyss  |     1 |       |       ||     1
Evoke: Deck              |     2 |     2 |     1 ||     5
  Use: Scroll            |     1 |       |    11 ||    12
       Potion            |       |       |     4 ||     4
 Stab: Distracted        |       |       |     1 ||     1
  Eat: Chunk             |     4 |     5 |    10 ||    19
       Fruit             |       |     3 |       ||     3
       Pizza             |       |       |     1 ||     1
       Beef jerky        |       |       |     2 ||     2
